 Dungeon Crawl Stone Soup version 0.29-a0-371-g91724d5b39 (webtiles) character file.

Game seed: 13187282923187889744

4 Colgate the Sneak (level 1, -1/12 HPs)
             Began as a Kobold Brigand on May 3, 2022.
             Slain by a kobold
             ... wielding a +0 dagger
              (2 damage)
             ... on level 1 of the Dungeon.
             The game lasted 00:00:53 (100 turns).

Colgate the Sneak (Kobold Brigand)                   Turns: 100, Time: 00:00:54

Health: -1/12      AC:  3    Str:  8    XL:     1   Next: 66%
Magic:  1/1        EV: 14    Int: 12    God:
Gold:   26         SH:  0    Dex: 16    Spells: 0/0 levels left

rFire   . . .      SeeInvis .   a - +2 dagger
rCold   . . .      Faith    .   (no shield)
rNeg    . . .      Spirit   .   b - +0 robe
rPois   .          Reflect  .   (no helmet)
rElec   .          Harm     .   c - +0 cloak
rCorr   .          Rampage  .   (no gloves)
Will    .....                   (no boots)
Stlth   ++++......              (no amulet)
HPRegen 0.04/turn               (no ring)
MPRegen 0.07/turn               (no ring)

@: no status effects
A: small, no large weapons, nightstalker 3
a: no special abilities


You were on level 1 of the Dungeon.
You visited 1 branch of the dungeon, and saw 1 of its levels.

You collected 26 gold pieces.

Inventory:

Hand Weapons
 a - a +2 dagger (weapon)
Missiles
 d - 9 poisoned darts (quivered)
 e - 3 curare-tipped darts
Armour
 b - a +0 robe (worn)
 c - a +0 cloak (worn)
Jewellery
 f - a ring of fire
Scrolls
 g - a scroll of identify {unknown}


   Skills:
 - Level 2.1 Fighting
 + Level 3.2 Short Blades
 - Level 2.1 Throwing
 - Level 1.2 Dodging
 - Level 5.3 Stealth


You couldn't memorise any spells.
You didn't know any spells.
Your spell library was empty.

Dungeon Overview and Level Annotations

Branches:
Dungeon (1/15)

Altars:


Innate Abilities, Weirdness & Mutations

You are small and have problems with some larger weapons.
You are completely attuned to the shadows.


Message History

No target in view!
g - a scroll labelled NINEWUEMYCE No target in view! 2 kobolds come into view.
The kobold shouts! x2
There are monsters nearby!
The kobold hits you but does no damage.
There are monsters nearby!
You hit the kobold but do no damage. The kobold barely misses you.
The kobold closely misses you.
You hit the kobold. The kobold barely misses you.
The kobold hits you with a +0 dagger.
You miss the kobold. The kobold hits you but does no damage.
The kobold closely misses you.
You hit the kobold.
You kill the kobold!
The kobold completely misses you.
An endoplasm comes into view.
You completely miss the kobold. The kobold hits you with a +0 dagger.
There are monsters nearby!
You hit the kobold but do no damage.
There are monsters nearby!
You closely miss the kobold. The kobold hits you with a +0 dagger.
There are monsters nearby!
You are too injured to fight recklessly!
There are monsters nearby!
You are too injured to fight recklessly!
There are monsters nearby!
You are too injured to fight recklessly!
There are monsters nearby!
You are too injured to fight recklessly!
There are monsters nearby!
You hit the kobold. The kobold completely misses you.
You hit the kobold but do no damage. The kobold barely misses you.
The endoplasm freezes you.
You are frozen.
* * * LOW HITPOINT WARNING * * *
You hit the kobold. The endoplasm barely misses you.
The kobold hits you with a +0 dagger.
You die...

#........ #........
#........ #...)J..#
#...@K..#. ..#..
........... ..#..
..........> ....
........... ###..
#.......... +....
##........# .. ###.#
......########.####.#
............##.......
...........##..[....


You could see an endoplasm and a kobold.

Vanquished Creatures
  An endoplasm (D:1)
  2 kobolds (D:1)
3 creatures vanquished.

Notes
Turn   | Place    | Note
-------+----------+-------------------------------------------
     0 | D:1      | Colgate the Kobold Brigand began the quest for the Orb.
     0 | D:1      | Reached XP level 1. HP: 12/12 MP: 1/1
   100 | D:1      | Slain by a kobold

Illustrated notes

Levels and vault maps discovered:
D:1:      minmay_arrival_solitary_statue, layout_basic

Skill      XL: |  1 |
---------------+----+-----
Short Blades   | 3 |  3.2
Fighting       | |  2.1
Throwing       | |  2.1
Dodging        | |  1.2
Stealth        | |  5.3

Action                   || total
-------------------------++-------
Melee: Dagger            ||    12
 Stab: Sleeping          ||     2
Armor: Robe              ||     2
Dodge: Dodged            ||     8

Table legend: (Time is in decaauts)
 A = Elapsed time spent in this place.
 B = Non-inter-level travel time spent in this place.
 C = Inter-level travel time spent in this place.
 D = Time resting spent in this place.
 E = Time spent auto-exploring this place.
 F = Levels seen in this place.
 G = Mean time per level.
                   A        B        C        D        E       F      G
               +--------+--------+--------+--------+--------+-----+--------+
         Total |     98 |     98 |      0 |      0 |     70 |   1 |   98.0 |
       Dungeon |     98 |     98 |      0 |      0 |     70 |   1 |   98.0 |
               +--------+--------+--------+--------+--------+-----+--------+

Top non-repeatable levels by time:
     D:1: 98 daAuts
